 Dungeon Crawl Stone Soup version 0.30-a0-840-ga523dec638 (webtiles) character file.

Game seed: 11777553922775916331

5 jimonade the Stinger (level 1, 0/7 HPs)
             Began as a Felid Venom Mage on Mar 1, 2023.
             Slain by a jackal (2 damage)
             ... on level 1 of the Dungeon.
             The game lasted 00:00:24 (260 turns).

jimonade the Stinger (Felid Venom Mage)              Turns: 260, Time: 00:00:25

Health: 0/7        AC:  1    Str:  4    XL:     1   Next: 66%
Magic:  0/4        EV: 17    Int: 16    God:
Gold:   7          SH:  0    Dex: 16    Spells: 3/4 levels left
                                        Lives:  0   Deaths: 0

rFire   . . .      SeeInvis +    (weapon unavailable)
rCold   . . .      Faith    .    (shield unavailable)
rNeg    . . .      Spirit   .    (body armour unavailable)
rPois   .          Reflect  .    (helmet unavailable)
rElec   .          Harm     .    (cloak unavailable)
rCorr   .          Rampage  .    (gloves unavailable)
Will    .....                    (boots unavailable)
Stlth   ++                       (no amulet)
HPRegen 0.21/turn                (no ring)
MPRegen 0.09/turn                (no ring)

@: quick
A: very small, claws 1, fangs 3, see invisible, speed 1, shaggy fur 1, stealthy
paws, no weapons or thrown items, no armour, multi-lived
a: no special abilities


You were on level 1 of the Dungeon.
You visited 1 branch of the dungeon, and saw 1 of its levels.

You collected 7 gold pieces.

Inventory:

Potions
 a - a potion of magic


   Skills:
 + Level 2.7 Dodging
 + Level 2.7 Stealth
 + Level 2.1 Spellcasting
 + Level 1.1 Transmutations
 + Level 2.9 Poison Magic


You had 3 spell levels left.
You knew the following spells:

 Your Spells              Type           Power      Damage    Failure   Level
a - Sting                 Tmut/Pois      32%        1d4       9%          1

Your spell library contained the following spells:

 Spells                   Type           Power      Damage    Failure   Level
 Poisonous Vapours        Pois/Air       12%        N/A       17%         2
 Mephitic Cloud           Conj/Pois/Air  4%         N/A       38%         3
 Olgreb's Toxic Radiance  Pois           11%        N/A       52%         4


Dungeon Overview and Level Annotations

Branches:
Dungeon (1/15)

Altars:


Innate Abilities, Weirdness & Mutations

You have sharp claws.
You have razor-sharp teeth.
You have supernaturally acute eyesight. (SInv)
You cover ground quickly. (Speed+)
You are covered in fur. (AC +1)
Your paws help you pounce on unaware monsters.
You are incapable of wielding weapons or throwing items.
You cannot wear armour.
You gain extra lives every three experience levels.


Message History

The sting hits the hobgoblin but does no damage.
The hobgoblin looks even sicker.
The hobgoblin is moderately wounded.
The hobgoblin completely misses you.
The sting hits the hobgoblin.
The hobgoblin looks even sicker.
The hobgoblin is almost dead.
You kill the hobgoblin!
You start resting.
Magic restored.
You start waiting.
Done waiting.
A kobold is nearby! 2 jackals come into view.
The sting misses the kobold.
The kobold shouts!
The jackal barks! x2
The kobold throws a stone.
The stone completely misses you.
The kobold throws a stone.
The stone completely misses you.
The kobold throws a stone.
The stone hits you.
You see here a dart slug corpse.
The sting misses the jackal.
The sting misses the jackal.
The jackal misses you.
You scratch the jackal. You bite the jackal.
The jackal is severely wounded.
The jackal closely misses you. The jackal completely misses you.
The sting hits the jackal but does no damage.
The jackal is poisoned.
The jackal is severely wounded.
The jackal bites you.
The sting hits the jackal.
The jackal looks even sicker.
You kill the jackal!
The jackal closely misses you.
You are out of magic!
You scratch the jackal but do no damage.
Your bite misses the jackal.
The jackal bites you but does no damage.
You closely miss the jackal. The jackal bites you.
* * * LOW HITPOINT WARNING * * *
You completely miss the jackal. Your bite misses the jackal.
The jackal bites you.
You die...

########## #.....#.#
######........# #....K...
#......######.# #...h.#.#
#.####......#.# #.....#.#
######.#########.#.# ####..# .
##~~~~#'#~~~~##.#.#.# #..# .
#~~~~~#.#~~~~~#...#.# ###..#..
#~~~~~#.#~°~~~#.###.#####.......
#~~#~~#.#~~#~~#@# #.##..K.#.....
#÷~~~~#.#~~~~~#h# #.##...######.
#~~~°~#<#~~°~~#K###......# .
#~~○~~#.#~~~~~#...h.h.....#
#○~~~ #.# ~~~~#####..#....#
#~~#°~#.#÷~#~☼# #..#....# #~~
~~#.#~~ ~~# #..####.# ~~~#+#~~~
#... .# #### #### #...# ##


You could see a jackal and a kobold.

Vanquished Creatures
  A dart slug (D:1)
  A hobgoblin (D:1)
  A jackal (D:1)
3 creatures vanquished.

Notes
Turn   | Place    | Note
-------+----------+-------------------------------------------
     0 | D:1      | jimonade the Felid Venom Mage began the quest for the Orb.
     0 | D:1      | Reached XP level 1. HP: 7/7 MP: 4/4
   260 | D:1      | Slain by a jackal

Illustrated notes

Levels and vault maps discovered:
D:1:      saegor_arrival_miasma, layout_basic

Action                     || total
---------------------------++-------
  Melee: Unarmed           ||     8
         Bite              ||     1
   Cast: Sting             ||    10
 Armour: Skin              ||     1
  Dodge: Dodged            ||    13

Table legend: (Time is in decaauts)
 A = Elapsed time spent in this place.
 B = Non-inter-level travel time spent in this place.
 C = Inter-level travel time spent in this place.
 D = Time resting spent in this place.
 E = Time spent auto-exploring this place.
 F = Levels seen in this place.
 G = Mean time per level.
                   A        B        C        D        E       F      G
               +--------+--------+--------+--------+--------+-----+--------+
         Total |    239 |    239 |      0 |    133 |     50 |   1 |  239.0 |
       Dungeon |    239 |    239 |      0 |    133 |     50 |   1 |  239.0 |
               +--------+--------+--------+--------+--------+-----+--------+

Top non-repeatable levels by time:
     D:1: 239 daAuts
